 Dungeon Crawl Stone Soup version 0.31.0-11-ge490571c62 (webtiles) character file.

Game seed: 3318415311494195840

249 monsoonserge the Chopper (level 6, -2/18 (45) HPs)
             Began as a Human Reaver on Feb 1, 2024.
             Killed from afar by an orc wizard (7 damage)
             ... with a magic dart
             ... on level 4 of the Dungeon.
             The game lasted 00:07:12 (2825 turns).

monsoonserge the Chopper (Human Reaver)             Turns: 2825, Time: 00:07:13

HP:   -2/18 (45)    AC:  7    Str: 12      XL:     6   Next: 12%
MP:   10/10         EV: 11    Int: 15 (16) God:
Gold: 132           SH:  0    Dex:  9 (11) Spells: 7/10 levels left

rFire   . . .        a - +0 hand axe
rCold   + . .        (no shield)
rNeg    . . .        b - +0 leather armour
rPois   .            (no helmet)
rElec   .            n - +2 cloak
rCorr   .            (no gloves)
SInv    .            t - +0 pair of boots
Will    .....        d - amulet of magic regeneration
Stlth   +            p - ring of protection from cold
HPRegen 0.23/turn    (no ring)
MPRegen 0.52/turn

%: no passive effects
@: extremely drained
A: explore regen
a: no special abilities


You were on level 4 of the Dungeon.
You visited 1 branch of the dungeon, and saw 4 of its levels.
You also visited: Sewer.

You collected 132 gold pieces.

Inventory:

Hand Weapons
 a - a +0 hand axe (weapon)
Missiles
 c - a curare-tipped dart
Armour
 b - a +0 leather armour (worn)
 h - a +8 chain mail of ponderousness
 n - a +2 cloak (worn)
 t - a +0 pair of boots (worn)
Jewellery
 d - an amulet of magic regeneration (around neck)
 p - a ring of protection from cold (left hand)
Scrolls
 e - 3 scrolls of torment {unknown}
 g - a scroll of blinking {unknown}
 i - 3 scrolls of noise {unknown}
 j - a scroll of identify {unknown}
 l - a scroll of enchant weapon {unknown}
 m - a scroll of teleportation {unknown}
 o - a scroll of immolation {unknown}
 u - a scroll of amnesia {unknown}
Potions
 f - 2 potions of enlightenment
 k - a potion of lignification {unknown}
 q - a potion of heal wounds {unknown}
 r - 2 potions of degeneration
 s - a potion of berserk rage {unknown}
 v - a potion of curing


   Skills:
 + Level 2.3 Fighting
 + Level 4.7 Axes
 * Level 2.0 Armour
 + Level 2.5 Dodging
 + Level 0.1 Stealth
 * Level 2.8 Spellcasting
 + Level 3.3 Conjurations
 * Level 1.4 Translocations


You had 7 spell levels left.
You knew the following spells:

 Your Spells              Type           Power      Damage    Failure   Level
a - Kiss of Death         Conj/Necr      28%        2d7       13%         1
b - Blink                 Tloc           12%        N/A       22%         2

Your spell library contained the following spells:

 Spells                   Type           Power      Damage    Failure   Level
 Magic Dart               Conj           48%        1d5       7%          1
 Momentum Strike          Conj/Tloc      18%        3d8       16%         2
 Call Imp                 Summ           4%         N/A       36%         2
 Hailstorm                Conj/Ice       7%         3d5       36%         3
 Call Canine Familiar     Summ           2%         N/A       61%         3
 Sigil of Binding         Hex            2%         N/A       61%         3
 Dimensional Bullseye     Hex/Tloc       2%         N/A       89%         4


Dungeon Overview and Level Annotations

Branches:
Dungeon (4/15)              Sewer (visited)
 Temple: D:4-7

Altars:
The Shining One


Innate Abilities, Weirdness & Mutations

You regain HP and MP as you explore.


Message History

You hit the orc wizard.
The orc wizard is almost dead.
You miss something. You barely miss the orc priest.
Something hits you but does no damage. The orc wizard closely misses you.
The orc priest hits you but does no damage.
Unknown command.
You hit the orc wizard but do no damage.
The orc wizard is almost dead.
You closely miss something. You closely miss the orc priest.
Something hits you but does no damage.
The orc wizard gestures at you while chanting.
The magic dart hits you.
The orc priest hits you but does no damage.
You hit the orc wizard.
The orc wizard is almost dead.
You miss something. You hit the orc priest.
You hear some strange, mumbled words.
A magic dart appears from out of thin air!
The magic dart hits you. The orc wizard barely misses you.
The orc priest hits you with a +0 club.
You barely miss the orc wizard.
The orc wizard is almost dead.
You hit the orc priest but do no damage.
You hit something. Something hits you but does no damage.
The orc wizard hits you but does no damage.
The orc priest barely misses you.
Unknown command.
You closely miss the orc wizard.
The orc wizard is almost dead.
You miss something. You hit the orc priest.
You kill the orc priest!
You hear some strange, mumbled words.
A magic dart appears from out of thin air!
The magic dart hits you.
The orc wizard hits you with a +0 dagger.
* * * LOW HITPOINT WARNING * * *
Something hits you but does no damage. The orc wizard casts a spell at you.
The magic dart hits you!
You die...

#.# #.# #.# ##.##
#...# ###..$###
#######.......#
#....>.....)o.#
#..........@{.#
#..#######..#.#
#..#~~~~~#..#.#
#..'~~.~~#.##.#
#..#~~~~~#.# .# #
# #..#######.#
#.#.##..........#
#...##.###.###.##
..........## #..


You could see an orc wizard (very drained).

Vanquished Creatures
  A kobold brigand (Sewer)
  An orc priest (D:4)
  An iguana (D:4)
  6 adders
  3 river rats (Sewer)
  A ribbon worm (D:2)
  A dart slug (D:1)
  An orc (D:3)
  8 ball pythons
  7 bats
  6 endoplasms
  4 giant cockroaches
  7 goblins
  4 hobgoblins
  A jackal (Sewer)
  7 kobolds
  4 quokkas
  A frilled lizard (D:2)
  10 rats
74 creatures vanquished.

Notes
Turn   | Place    | Note
-------+----------+-------------------------------------------
     0 | D:1      | monsoonserge the Human Reaver began the quest for the Orb.
     0 | D:1      | Reached XP level 1. HP: 16/16 MP: 3/3
   170 | D:1      | Reached XP level 2. HP: 18/22 MP: 5/5
   335 | D:1      | You fall into a shaft and drop 1 floor!
   587 | D:2      | Reached XP level 3. HP: 21/27 MP: 6/6
   630 | D:2      | Learned a level 2 spell: Blink
   930 | D:2      | Reached skill level 4 in Axes
   930 | D:2      | Reached skill level 1 in Armour
   930 | D:2      | Reached XP level 4. HP: 29/32 MP: 7/7
  2010 | D:3      | Found a glowing golden altar of the Shining One.
  2270 | D:4      | Reached skill level 1 in Translocations
  2270 | D:4      | Reached XP level 5. HP: 15/36 MP: 6/8
  2332 | D:4      | Found a glowing drain.
  2366 | Sewer    | Entered a sewer
  2506 | Sewer    | Noticed a kobold brigand
  2534 | Sewer    | Killed a kobold brigand
  2535 | Sewer    | Reached XP level 6. HP: 5/25 MP: 8/10
  2680 | Sewer    | Found a white marble altar of Elyvilon.
  2825 | D:4      | Killed from afar by an orc wizard

Illustrated notes

Levels and vault maps discovered:
D:1:      psy_arrival_conway, layout_rooms, columned_hall_lemuel
D:2:      layout_basic, minmay_misc_feat_hallway
D:3:      layout_basic, tso_altar
D:4:      layout_loops_ring, gup_sewer_entry_glass

Skill      XL: |  1  2  3  4  5 |
---------------+----------------+-----
Axes           | 4 |  4.7
Armour         | 1 2 |  2.0
Translocations | 1 |  1.4
Fighting       | |  2.3
Dodging        | |  2.5
Stealth        | |  0.1
Spellcasting   | |  2.8
Conjurations   | |  3.3

Action                     |  1- 3 |  4- 6 || total
---------------------------+-------+-------++-------
  Melee: Hand axe          |    82 |   194 ||   276
         Punch             |     1 |     1 ||     2
   Cast: Kiss of Death     |     1 |     7 ||     8
    Use: Potion            |       |     4 ||     4
 Armour: Leather armour    |    57 |   146 ||   203
  Dodge: Dodged            |    67 |   108 ||   175
